 Dungeon Crawl Stone Soup version 0.20-a0-970-gcd8f41e (webtiles) character file.

1397 Murumi the Unseen (level 8, -10/69 HPs)
             Began as a Naga Assassin on Apr 8, 2017.
             Was a Follower of Cheibriados.
             Mangled by an orc warrior
             ... wielding a +0 trident
              (17 damage)
             ... on level 6 of the Dungeon.
             The game lasted 00:22:18 (4954 turns).

Murumi the Unseen (Naga Assassin)                   Turns: 4954, Time: 00:22:18

Health: -10/69     AC: 16    Str: 20    XL:     8   Next: 69%
Magic:  0/10       EV: 10    Int: 16    God:    Cheibriados [*.....]
Gold:   234        SH:  0    Dex: 18    Spells: 7/7 levels left

rFire    . . .     SeeInvis +   o - +5 dagger (protect)
rCold    + . .     Gourm    .   (no shield)
rNeg     . . .     Faith    .   A - +2 robe {rC+}
rPois    +         Spirit   +   (no helmet)
rElec    .         Reflect  .   d - +0 cloak
rCorr    .         Harm     .   i - +0 pair of gloves
MR       +....                  (no barding)
Stlth    ++++++++..             j - amulet of guardian spirit
Regen    0.3/turn               l - +3 ring of intelligence
MPRegen  0.2/turn               q - ring of flight

@: mighty, protection aura, very slow
A: thin metallic scales 1, see invisible, deformed body, poison resistance,
slowness 2, slow metabolism 1, spit poison 1, AC +2
a: Spit Poison, Bend Time, Renounce Religion, Evoke Flight


You were on level 6 of the Dungeon.
You worshipped Cheibriados.
Cheibriados was aware of your devotion.
You were not hungry.

You visited 2 branches of the dungeon, and saw 7 of its levels.

You collected 234 gold pieces.

Inventory:

Hand Weapons
 b - a +0 blowgun
 o - a +5 dagger of protection (weapon)
Missiles
 e - 37 poisoned needles
 f - 2 curare-tipped needles
 k - 207 stones (quivered)
Armour
 d - a +0 cloak (worn)
 i - a +0 pair of gloves (worn)
 A - a +2 robe of cold resistance (worn)
Jewellery
 j - an amulet of guardian spirit (around neck)
 l - a +3 ring of intelligence (left hand)
 q - a ring of flight (right hand)
Wands
 v - a wand of flame (26/48)
 z - a wand of disintegration (16/24)
Scrolls
 a - a scroll of remove curse
 t - 2 scrolls of teleportation
 x - a scroll of recharging
 y - a scroll of amnesia
Potions
 m - a potion of resistance
 p - a potion of lignification
 r - 2 potions of flight
 u - a potion of mutation {unknown}
 w - a potion of might
Comestibles
 c - a chunk of flesh
 g - 6 bread rations
 h - 3 meat rations


   Skills:
 - Level 3.0 Fighting
 - Level 3.0 Short Blades
 - Level 2.0 Throwing
 - Level 2.0 Dodging
 - Level 20.0 Stealth
 + Level 2.3 Invocations
 - Level 3.0 Evocations


You had 7 spell levels left.
You didn't know any spells.

Dungeon Overview and Level Annotations

Branches:
Dungeon (6/15)             Temple (1/1) D:5

Altars:
Ashenzari
Cheibriados
Elyvilon
Fedhas
Gozag
Hepliaklqana
Kikubaaqudgha
Makhleb
Nemelex Xobeh
Okawaru
Qazlal
Ru
Sif Muna
Trog
Uskayaw
Wu Jian
Xom
Yredelemnul
Zin
The Shining One


Innate Abilities, Weirdness & Mutations

You cannot wear boots.
Your serpentine skin is tough. (AC +2)
You have supernaturally acute eyesight. (SInv)
Armour fits poorly on your strangely shaped body.
Your system is resistant to poisons. (rPois)
You cover ground very slowly.
You have a slow metabolism.
You can spit poison.
You are partially covered in thin metallic scales. (AC +2)


Message History

* * * LOW HITPOINT WARNING * * *
You barely miss the orc warrior.
The orc warrior is severely wounded.
You hit the orc warrior.
The orc warrior is almost dead.
The orc warrior hits you with a trident.
* * * LOW HITPOINT WARNING * * *
You barely miss the orc warrior.
The orc warrior is almost dead.
You feel a little less agile now.
The orc warrior hits you with a trident.
* * * LOW HITPOINT WARNING * * *
You closely miss the orc warrior.
The orc warrior is almost dead.
The orc warrior hits you with a trident.
* * * LOW HITPOINT WARNING * * *
It was a potion of might.
You feel very mighty all of a sudden.
The orc warrior hits you with a trident!!
You die...

...........##........#
..
<.(........##........#
##
.......######........#
.......'....'...%....#
.......######........#
.......# ####........#
######## #...........#
#.....o######.#
#......@......#
#......########
#......+ #......#
######.. ###


You could see an orc warrior.

Vanquished Creatures
  Sigmund (D:4)
  Purgy (D:4)
  A sky beast (D:5)
  2 ogres (D:5)
  A bullfrog (D:6)
  A scorpion (D:4)
  A crimson imp (D:5)
  2 hounds
  A quasit (D:5)
  2 orc priests (D:5)
  2 orc wizards
  A bullfrog skeleton (D:4)
  2 iguanas (D:4)
  5 worker ants (D:4)
  4 adders
  3 shadow imps
  3 oozes
  2 worms
  A dart slug (D:1)
  2 leopard geckos
  13 orcs
  5 giant cockroaches
  8 goblins
  18 hobgoblins
  3 jackals (D:4)
  10 kobolds
  3 quokkas
  8 bats
  3 frilled lizards
  A leopard gecko skeleton (D:3)
  5 rats
115 creatures vanquished.

Notes
Turn   | Place    | Note
-------+----------+-------------------------------------------
     0 | D:1      | Murumi the Naga Assassin began the quest for the Orb.
     0 | D:1      | Reached XP level 1. HP: 19/19 MP: 1/1
    39 | D:1      | Reached skill level 6 in Stealth
   234 | D:1      | Reached skill level 1 in Dodging
   387 | D:1      | Reached XP level 2. HP: 26/26 MP: 2/2
   832 | D:1      | Reached XP level 3. HP: 32/32 MP: 3/3
  1280 | D:2      | Reached skill level 7 in Stealth
  1311 | D:2      | Reached skill level 16 in Stealth
  1311 | D:2      | Reached XP level 4. HP: 37/39 MP: 4/4
  1312 | D:2      | Reached skill level 20 in Stealth
  1312 | D:2      | Reached XP level 5. HP: 43/45 MP: 5/5
  1386 | D:2      | Found a deep blue altar of Sif Muna.
  1420 | D:2      | Reached XP level 6. HP: 52/52 MP: 6/6
  2071 | D:3      | Found a glowing golden altar of the Shining One.
  2889 | D:4      | Noticed Purgy
  2894 | D:4      | Killed Purgy
  2968 | D:4      | Reached XP level 7. HP: 60/60 MP: 7/7
  3155 | D:4      | Reached skill level 1 in Evocations
  3174 | D:4      | Noticed Sigmund
  3177 | D:4      | Killed Sigmund
  3744 | D:4      | Reached XP level 8. HP: 67/67 MP: 8/10
  3848 | D:5      | Entered Level 5 of the Dungeon
  3974 | D:5      | Gained mutation: You are partially covered in thin metallic scales. (AC +2) [mutagenic meat]
  4104 | D:5      | Found a staircase to the Ecumenical Temple.
  4119 | Temple   | Entered the Ecumenical Temple
  4154 | Temple   | Became a worshipper of Cheibriados the Contemplative
  4241 | D:5      | Reached skill level 1 in Invocations
  4708 | D:5      | Found a blossoming altar of Fedhas.
  4939 | D:6      | Reached * piety under Cheibriados
  4954 | D:6      | Mangled by an orc warrior

Vault maps used:
D:1:      scummos_arrival_simple_crosswalls, supply_closet_lemuel
D:2:      first_bread, minmay_stone_trees_small, lemuel_blue_sif_altar
D:3:      lemuel_round_altar, serial_bayou_pond_e
D:4:      uniq_purgy, uniq_sigmund
D:5:      kennysheep_little_box, minmay_temple_entry_glassed_door,
          minmay_misc_feat_five
D:6:      grunt_dithmenos_smoke_and_mirrors
Temple:   compressed_dpeg_circular_temple

Skill      XL: |  1  2  3  4  5  6  7  8 |
---------------+-------------------------+-----
Stealth        | 6 16 20 | 20.0
Dodging        | 1 2 |  2.0
Throwing       | 2 |  2.0
Short Blades   | 3 |  3.0
Evocations     | 2 3 |  3.0
Fighting       | 3 |  3.0
Invocations    | 2 |  2.3

Action                   |  1- 3 |  4- 6 |  7- 9 || total
-------------------------+-------+-------+-------++-------
Melee: Dagger            |   100 |   126 |   157 ||   383
Throw: Stone             |       |       |     1 ||     1
 Abil: Spit Poison       |     2 |     4 |    18 ||    24
  Use: Scroll            |     3 |     8 |     5 ||    16
       Potion            |     1 |     1 |     5 ||     7
 Stab: Sleeping          |     6 |    27 |    18 ||    51
       Distracted        |       |     1 |     2 ||     3
  Eat: Chunk             |       |     6 |     8 ||    14
Armor: Robe              |    13 |    40 |    26 ||    79
       Skin              |       |       |   166 ||   166
Dodge: Dodged            |    54 |    38 |    69 ||   161
